 Dungeon Crawl Stone Soup version 0.31-a0-588-g14bffd4ff3 (webtiles) character file.

Game seed: 7565389828838839091

7960 MacCMillion the Mimic (level 11, -8/117 HPs)
             Began as an Ogre Shapeshifter on Aug 19, 2023.
             Was an Elder of Okawaru.
             Mangled by a two-headed ogre
             ... wielding a +0 giant club
              (14 damage)
             ... on level 10 of the Dungeon.
             The game lasted 00:21:58 (14548 turns).

MacCMillion the Mimic (Ogre Shapeshifter)          Turns: 14548, Time: 00:21:59

Health: -8/117     AC:  3    Str: 25    XL:     11   Next: 23%
Magic:  14/14      EV:  9    Int: 13    God:    Okawaru [****..]
Gold:   572        SH:  5    Dex:  9    Spells: 10/10 levels left

rFire   + .          .
                       - Unarmed
rCold   . . .        (shield currently unavailable)
rNeg    . . .        a - +0 animal skin
rPois   .            (helmet restricted)
rElec   .            y - scarf of Zorhin {shadows, rF+ Int+4 Slay+3}
rCorr   .            (gloves unavailable)
SInv    .            (boots unavailable)
Will    +....        h - amulet of reflection
Stlth   +            (no ring)
HPRegen 0.39/turn    (no ring)
MPRegen 0.14/turn

%: reflection
@: flux-form, glowing
A: glow, contaminating, large, unfitting armour, tough skin 1
a: Begin Untransformation, Renounce Religion, Heroism, Finesse


You were on level 10 of the Dungeon.
You worshipped Okawaru.
Okawaru was greatly pleased with you.
You were something dangerously unstable.
You visited 2 branches of the dungeon, and saw 11 of its levels.
You also visited: Sewer.

You collected 572 gold pieces.

Inventory:

Missiles
 E - 20 poisoned darts
 F - 6 datura-tipped darts
 G - 5 large rocks
 K - 4 boomerangs
 M - a curare-tipped dart
Armour
 a - a +0 animal skin (worn)
 u - a +0 cloak
 y - the scarf of Zorhin (worn) {shadows, rF+ Int+4 Slay+3}
   (You found it on level 3 of the Dungeon)

   Int+4:     It affects your intelligence (+4).
   Slay+3:    It affects your accuracy & damage with ranged weapons and melee
   (+3).
   rF+:       It protects you from fire.
Jewellery
 h - an amulet of reflection (around neck)
 l - a +6 ring of strength
Talismans
 c - a beast talisman
 d - a flux talisman (active)
Wands
 r - a wand of flame (18)
 s - a wand of iceblast (35)
 A - a wand of polymorph (11)
 N - a wand of acid (10)
Scrolls
 e - a scroll of revelation {unknown}
 g - 3 scrolls of vulnerability {unknown}
 k - a scroll of amnesia {unknown}
 m - 2 scrolls of fog {unknown}
 n - a scroll of brand weapon {unknown}
 p - 4 scrolls of teleportation {unknown}
 q - 4 scrolls of fear {unknown}
 t - 2 scrolls of poison {unknown}
 C - a scroll of enchant armour {unknown}
 D - a scroll of torment {unknown}
 H - 2 scrolls of blinking {unknown}
 O - a scroll of enchant weapon {unknown}
Potions
 b - 3 potions of lignification
 f - 5 potions of invisibility
 i - 7 potions of curing
 j - 3 potions of heal wounds
 o - 4 potions of enlightenment
 v - 6 potions of haste
 w - 3 potions of brilliance
 x - 2 potions of mutation {unknown}
 z - a potion of resistance {unknown}
 B - 2 potions of might {unknown}
 I - a potion of ambrosia {unknown}
 J - a potion of cancellation {unknown}
 L - a potion of degeneration {unknown}


   Skills:
 - Level 10.0 Fighting
 - Level 1.7 Dodging
 - Level 8.0 Unarmed Combat
 - Level 4.0 Invocations
 + Level 10.9 Shapeshifting


You had 10 spell levels left.
You didn't know any spells.
Your spell library contained the following spells:

 Spells                   Type           Power      Damage    Failure   Level
 Static Discharge         Conj/Air       0%         2-2/arc   43%         2
 Inner Flame              Hex/Fire       0%         N/A       67%         3
 Ozocubu's Armour         Ice            0%         N/A       67%         3
 Airstrike                Air            0%         2d(0-16)  97%         4
 Metabolic Englaciation   Hex/Ice        0%         N/A       100%        5
 Yara's Violent Unravell  Hex/Tmut       0%         3d3       100%        5
 Enfeeble                 Hex            0%         N/A       100%        7
 Summon Lightning Spire   Summ/Air       Unusable   N/A       N/A         4
 Summon Forest            Summ/Tloc      Unusable   N/A       N/A         5
 Summon Mana Viper        Hex/Summ       Unusable   N/A       N/A         5
 Simulacrum               Ice/Necr       Unusable   N/A       N/A         6
 Summon Cactus Giant      Summ           Unusable   N/A       N/A         6

Dungeon Overview and Level Annotations

Branches:
Dungeon (10/15)            Temple (1/1) D:7            Lair (0/5) D:9
  Sewer (visited)
    Orc: D:9-12

Altars:
Ashenzari
Cheibriados
Dithmenos
Elyvilon
Fedhas
Gozag
Hepliaklqana
Kikubaaqudgha
Makhleb
Nemelex Xobeh
Okawaru
Qazlal
Ru
Sif Muna
Trog
Uskayaw
Vehumet
Wu Jian
Xom
Yredelemnul
Zin
The Shining One

Shops:
D:2 *   D:9 (

Annotations:
D:3 1 runed translucent door, Crazy Yiuf


Innate Abilities, Weirdness & Mutations

You are something dangerously unstable.
You glow with magical radiation, making you easy to see and hit.
Foes you strike become dangerously contaminated with magical radiation.
You are incapable of wielding weapons or throwing items.
You are too large for most types of armour.
You have tough skin. (AC +1)


Message History

You kill the yak!
Okawaru accepts your kill.
You start resting.
HP restored.
Things that are here:
a yak corpse; a yak corpse; a yak corpse
Things that are here:
a yak corpse; a yak corpse; a yak corpse You see here a yak corpse.
A two-headed ogre comes into view. It is wielding two +0 giant clubs.
The two-headed ogre shouts in stereo!
A two-headed ogre is nearby!
Okay, then.
You punch the two-headed ogre!
The two-headed ogre begins to glow.
The two-headed ogre is moderately wounded.
The two-headed ogre hits you with a +0 giant club!!
The two-headed ogre hits you with a +0 giant club!
You hit the two-headed ogre.
The two-headed ogre glows dangerously bright.
The two-headed ogre is moderately wounded.
You punch the two-headed ogre!
The two-headed ogre shudders as magic cascades through it!
The two-headed ogre twists and deforms.
The two-headed ogre is severely wounded.
The two-headed ogre hits you with a +0 giant club.
The two-headed ogre hits you with a +0 giant club!
You hit the two-headed ogre.
The two-headed ogre begins to glow.
The two-headed ogre is severely wounded.
The two-headed ogre hits you with a +0 giant club!!
* * * LOW HITPOINT WARNING * * *
The two-headed ogre completely misses you.
You punch the two-headed ogre!
The two-headed ogre glows dangerously bright.
The two-headed ogre is almost dead.
You completely miss the two-headed ogre.
The two-headed ogre is almost dead.
The two-headed ogre hits you with a +0 giant club!!
* * * LOW HITPOINT WARNING * * *
The two-headed ogre hits you with a +0 giant club!
You die...

#.# #.## #..# #########
##.# ###........ #.#
##...#######
#.#####..### ####
#.#.....#####...##
#O#.........#.#...
#B#########.._..## #.#
###.#.### #†# ##.....#
#######†######..#####
#..............##
#...........####
#.........^####
#.............##########
#...................)...


You could see a two-headed ogre (heavy contam, misshapen).

Vanquished Creatures
  A hydra (D:8)
  A boulder beetle (D:8)
  Maurice (D:8)
  A troll (D:9)
  2 dream sheep (D:8)
  Sigmund (D:5)
  16 yaks
  Eustachio (D:6)
  A sky beast (D:7)
  3 ice beasts
  3 orc warriors
  3 black bears
  2 centaurs
  2 phantoms (D:5)
  4 kobold brigands
  2 bullfrogs
  A scorpion (D:5)
  5 wights (D:10)
  7 killer bees (D:9)
  A howler monkey (D:8)
  2 orc priests
  3 hounds (D:6)
  3 jellies
  3 iguanas
  Ijyb (D:3)
  Natasha (thrice) (D:3)
  10 orc wizards
  Robin (D:3)
  4 gnolls
  11 adders
  5 worms
  3 dart slugs
  52 orcs
  9 ball pythons
  14 endoplasms
  5 giant cockroaches
  10 hobgoblins
  9 jackals
  4 quokkas
  3 bats
  12 frilled lizards
  15 goblins
  9 kobolds
  11 rats
260 creatures vanquished.

Notes
Turn   | Place    | Note
-------+----------+-------------------------------------------
     0 | D:1      | MacCMillion the Ogre Shapeshifter began the quest for the
                  | Orb.
     0 | D:1      | Reached XP level 1. HP: 19/19 MP: 1/1
    74 | D:1      | Reached XP level 2. HP: 23/27 MP: 2/2
  1100 | D:2      | Found a faded altar of an unknown god.
  1110 | D:2      | Reached XP level 3. HP: 33/33 MP: 3/3
  1537 | D:2      | Found Nuutwoxu's Assorted Antiques.
  1695 | D:2      | Reached XP level 4. HP: 41/41 MP: 4/4
  1931 | D:3      | Identified the +1 helmet of the Maze {Str+3}
  1931 | D:3      | Noticed Robin
  1940 | D:3      | Killed Robin
  2080 | D:3      | Noticed Ijyb
  2151 | D:3      | HP: 2/41 [Ijyb/+0 club (3)]
  2153 | D:3      | Killed Ijyb
  2154 | D:3      | Reached skill level 5 in Shapeshifting
  2154 | D:3      | Reached XP level 5. HP: 3/48 MP: 5/5
  2275 | D:3      | Found a glowing drain.
  2281 | D:3      | Noticed Natasha
  2292 | D:3      | Killed Natasha
  2301 | Sewer    | Entered a sewer
  2630 | Sewer    | Reached XP level 6. HP: 39/55 MP: 6/6
  2822 | Sewer    | Found a viscous altar of Jiyva.
  2961 | D:3      | Noticed Natasha
  2968 | D:3      | Killed Natasha
  3063 | D:3      | Found a runed translucent door.
  3064 | D:3      | Noticed Crazy Yiuf
  3405 | D:3      | Identified the scarf of Zorhin {shadows, rF+ Int+4 Slay+3}
  3534 | D:3      | Noticed Natasha
  3544 | D:3      | Killed Natasha
  4452 | D:4      | Found a stormy altar of Qazlal.
  4563 | D:5      | Entered Level 5 of the Dungeon
  4637 | D:5      | Noticed Sigmund
  4647 | D:5      | Killed Sigmund
  4648 | D:5      | Reached XP level 7. HP: 63/70 MP: 7/7
  5398 | D:5      | Reached skill level 5 in Fighting
  5878 | D:5      | Reached XP level 8. HP: 82/83 MP: 8/8
  6073 | D:5      | Reached skill level 5 in Unarmed Combat
  6757 | D:6      | Found a shadowy altar of Dithmenos.
  7229 | D:6      | Noticed Eustachio
  7243 | D:6      | Killed Eustachio
  7998 | D:7      | Reached XP level 9. HP: 94/97 MP: 9/9
  8636 | D:7      | Identified the +2 chain mail "Seibi" {Will+ Int+4}
  9134 | D:7      | Found a staircase to the Ecumenical Temple.
  9156 | Temple   | Entered the Ecumenical Temple
  9165 | Temple   | Became a worshipper of Warmaster Okawaru
  9250 | D:7      | Found a white marble altar of Elyvilon.
  9423 | D:7      | Reached skill level 1 in Invocations
  9703 | D:8      | Identified the +4 sling of Ru's Hatred {antimagic, Int+3}
  9747 | D:8      | Noticed Maurice
  9910 | D:8      | Killed Maurice
  9911 | D:8      | Reached skill level 10 in Fighting
 10041 | D:8      | Noticed a boulder beetle
 10195 | D:8      | Killed a boulder beetle
 10195 | D:8      | Reached * piety under Okawaru
 10317 | D:8      | Reached XP level 10. HP: 79/110 MP: 13/13
 10783 | D:8      | Reached ** piety under Okawaru
 10960 | D:8      | Noticed a two-headed hydra
 10972 | D:8      | Killed a two-headed hydra
 11134 | D:8      | Found a glowing golden altar of the Shining One.
 11134 | D:8      | Found a shimmering blue altar of Sif Muna.
 11140 | D:8      | Found an opulent altar of Gozag.
 11143 | D:8      | Found a broken altar of Ashenzari.
 11148 | D:8      | Found a basalt altar of Yredelemnul.
 11153 | D:8      | Found a shimmering altar of Xom.
 11834 | D:9      | Found a sacrificial altar of Ru.
 11836 | D:9      | Found a sparkling altar of Nemelex Xobeh.
 12489 | D:9      | Found a staircase to the Lair.
 12699 | D:9      | Found Icvithro's Antique Weapon Shop.
 13178 | D:9      | Reached *** piety under Okawaru
 13580 | D:9      | Reached skill level 10 in Shapeshifting
 13587 | D:9      | Reached XP level 11. HP: 82/117 MP: 14/14
 13883 | D:10     | Entered Level 10 of the Dungeon
 14176 | D:10     | Found a hazy altar of Hepliaklqana.
 14388 | D:10     | Reached **** piety under Okawaru
 14532 | D:10     | Noticed a two-headed ogre
 14548 | D:10     | Mangled by a two-headed ogre

Illustrated notes

Levels and vault maps discovered:
D:1:      minmay_arrival_nine_rooms, layout_loops_corners, item_on_display_a
D:2:      layout_basic, shapermc_ecumenical_altar_gd, serial_shops, shop,
          minmay_circled_x
D:3:      layout_loops_ring, cheibrodos_sewer_entry_drain, minmay_crystal_water,
          kennysheep_small_spiral, grunt_ministairs_11, minmay_circle_x,
          uniq_natasha, uniq_ijyb, uniq_crazy_yiuf_cottage, uniq_robin
D:4:      layout_basic, nicolae_qazlal_eye_of_the_storm
D:5:      layout_gridville, grunt_ministairs_4, uniq_sigmund
D:6:      layout_basic, nicolae_dithmenos_shadow_blocks,
          minmay_misc_feat_ornament, uniq_eustachio
D:7:      layout_layer_cave, elyvilon_altar_1,
          minmay_temple_entry_drinking_statues
D:8:      layout_loops_ring, nicolae_overflow_hallway_of_the_gods,
          hangedman_ranch, uniq_maurice
D:9:      layout_layer_cave, gammafunk_temple_overflow_statue, lair_entry_dummy,
          serial_shops, nicolae_shop_statue_plus
D:10:     layout_rooms, lemuel_crystal_altar
Temple:   nicolae_temple_ecumenical_triangle

Skill      XL: |  1  2  3  4  5  6  7  8  9 10 |
---------------+-------------------------------+-----
Shapeshifting  | 4 5 6 10 | 10.9
Fighting       | 4 5 8 10 | 10.0
Unarmed Combat | 3 4 6 8 |  8.0
Invocations    | 4 |  4.0
Dodging        | |  1.7

Action                     |  1- 3 |  4- 6 |  7- 9 | 10-12 || total
---------------------------+-------+-------+-------+-------++-------
  Melee: Unarmed           |   108 |   275 |   305 |   248 ||   936
         Punch             |     2 |       |       |     1 ||     3
  Evoke: Wand              |       |       |     3 |       ||     3
    Use: Potion            |       |     1 |       |     2 ||     3
         Scroll            |       |       |     4 |     1 ||     5
   Stab: Sleeping          |     2 |     1 |       |       ||     3
 Armour: Animal skin       |    16 |    49 |    36 |    24 ||   125
         Skin              |       |       |       |    12 ||    12
  Dodge: Dodged            |    31 |    93 |    92 |    63 ||   279
  Block: Other             |    13 |    35 |    63 |    30 ||   141
         Reflection        |       |     3 |     1 |       ||     4
   Form: Flux              |       |     1 |       |       ||     1

Table legend: (Time is in decaauts)
 A = Elapsed time spent in this place.
 B = Non-inter-level travel time spent in this place.
 C = Inter-level travel time spent in this place.
 D = Time resting spent in this place.
 E = Time spent auto-exploring this place.
 F = Levels seen in this place.
 G = Mean time per level.
                   A        B        C        D        E       F      G
               +--------+--------+--------+--------+--------+-----+--------+
         Total |  14450 |  14069 |    381 |   4599 |   7246 |  12 | 1204.2 |
       Dungeon |  13826 |  13445 |    381 |   4271 |   7198 |  10 | 1382.6 |
        Temple |     18 |     18 |      0 |      0 |      0 |   1 |   18.0 |
         Sewer |    604 |    604 |      0 |    328 |     48 |   1 |  604.0 |
               +--------+--------+--------+--------+--------+-----+--------+

Top non-repeatable levels by time:
     D:9: 2410 daAuts
     D:7: 1885 daAuts
     D:5: 1677 daAuts
     D:6: 1624 daAuts
     D:8: 1598 daAuts
     D:3: 1400 daAuts
     D:2: 974 daAuts
     D:1: 958 daAuts
    D:10: 656 daAuts
     D:4: 639 daAuts
   Sewer: 604 daAuts
  Temple: 18 daAuts
